 Dungeon Crawl Stone Soup version 0.24-a0-810-gb7a8766 (webtiles) character file.

Game seed: 7293400358747866209, levelgen mode: deterministic

113 2tousent the Changer (level 4, 0/35 HPs)
             Began as a Draconian Transmuter on Oct 10, 2019.
             Succumbed to an adder's poison
             ... on level 3 of the Dungeon.
             The game lasted 00:08:58 (2719 turns).

2tousent the Changer (Draconian Transmuter)         Turns: 2719, Time: 00:08:58

Health: 0/35       AC:  7    Str: 12    XL:     4   Next: 65%
Magic:  3/7        EV: 27    Int: 13    God:
Gold:   191        SH:  0    Dex: 13    Spells: 1/7 levels left

rFire    . . .     SeeInvis .     - Unarmed
rCold    . . .     Gourm    .   (no shield)
rNeg     . . .     Faith    .   (armour unavailable)
rPois    .         Spirit   .   (helmet restricted)
rElec    .         Reflect  .   (no cloak)
rCorr    .         Harm     .   g - +1 pair of gloves
MR       .....                  (boots currently unavailable)
Stlth    +.........             d - amulet of the acrobat
HPRegen  0.11/turn              (no ring)
MPRegen  0.10/turn              (no ring)

@: lethally poisoned (0 -> -4), appendage (expiring), acrobat, hasted, very
quick
A: unfitting armour, talons 3, cold-blooded, AC +5
a: End Transformation


You were on level 3 of the Dungeon.
You were hungry.
You had grown temporary talons.
You visited 1 branch of the dungeon, and saw 3 of its levels.

You collected 191 gold pieces.

Inventory:

Missiles
 a - 7 arrows
Armour
 g - a +1 pair of gloves (worn)
Jewellery
 d - an amulet of the acrobat (around neck)
 h - an uncursed amulet of rage
Scrolls
 b - a scroll of amnesia
 f - 5 scrolls of identify
 i - a scroll of remove curse
Potions
 e - a potion of degeneration
Comestibles
 c - a ration


   Skills:
 - Level 1.1 Fighting
 - Level 1.7 Dodging
 - Level 3.0 Unarmed Combat
 + Level 2.0 Spellcasting
 * Level 5.0 Transmutations


You had one spell level left.
You knew the following spells:

 Your Spells              Type           Power        Failure   Level  Hunger
a - Beastly Appendage     Tmut           ##....       3%          1    ##.....
b - Spider Form           Tmut/Pois      #.........   26%         3    ####...
c - Sticks to Snakes      Tmut           ##......     4%          2    ###....

Your spell library contained the following spells:

 Spells                   Type           Power        Failure   Level  Hunger
 Ice Form                 Ice/Tmut       #.......     65%         4    #####..
 Blade Hands              Tmut           ##........   65%         5    ######.


Dungeon Overview and Level Annotations

Branches:
Dungeon (3/15)

Altars:


Innate Abilities, Weirdness & Mutations

Your plain brown scales are hard. (AC +5)
You cannot fit into any form of body armour.
You are cold-blooded and may be slowed by cold attacks.
You have claws for feet.


Message History

The adder closely misses you.
Your ball python bites the adder.
Your ball python constricts the adder.
The adder bites you.
* * * LOW HITPOINT WARNING * * *
The adder closely misses you.
Your ball python bites the adder.
Your ball python constricts the adder.
* * * LOW HITPOINT WARNING * * *
You feel sick.
The adder struggles to escape constriction.
The adder completely misses you.
Your ball python bites the adder.
Your ball python constricts the adder.
Your ball python bites the adder.
Your ball python constricts the adder.
The adder completely misses you.
The adder struggles to escape constriction.
Your ball python bites the adder but does no damage.
Your ball python constricts the adder.
Your ball python bites the adder.
Your ball python constricts the adder.
The adder struggles to escape constriction. x2
Your ball python bites the adder.
Your ball python constricts the adder.
Your transformation is almost over.
You die...

##..........###..........
............##.<)).......
........S...#.รท##.#######
.......S......#...#
.#........<###)###
.......S....#..)########
......S.S...#.##..(.....
#######.......##......gg
#.@.............g.
#.....####........ #.....#
#........ #.....#
#........ #.>....#
###.##### #...[..# .#
#....... #........


You could see 3 adders and 2 friendly ball pythons.

Vanquished Creatures
  A hound skeleton (D:2)
  Robin (D:3)
  An ooze (D:1)
  A worm (D:2)
  3 dart slugs
  2 leopard geckos
  5 bats
  A giant cockroach (D:2)
  12 goblins
  6 hobgoblins
  3 frilled lizards
  8 kobolds
  5 rats
49 creatures vanquished.

Vanquished Creatures (collateral kills)
  A worker ant (D:2)
  A worm (D:2)
2 creatures vanquished.

Grand Total: 51 creatures vanquished

Notes
Turn   | Place    | Note
-------+----------+-------------------------------------------
     0 | D:1      | 2tousent the Draconian Transmuter began the quest for the
                  | Orb.
     0 | D:1      | Reached XP level 1. HP: 16/16 MP: 3/3
   338 | D:1      | Reached XP level 2. HP: 21/23 MP: 5/5
   342 | D:1      | Learned a level 2 spell: Sticks to Snakes
   404 | D:1      | Reached skill level 3 in Transmutations
  1014 | D:1      | Reached XP level 3. HP: 28/28 MP: 6/6
  1019 | D:1      | Learned a level 3 spell: Spider Form
  1267 | D:2      | Reached skill level 4 in Transmutations
  1595 | D:2      | Reached XP level 4. HP: 29/35 MP: 7/7
  2264 | D:3      | Noticed Robin
  2457 | D:3      | Killed Robin
  2473 | D:3      | Reached skill level 5 in Transmutations
  2716 | D:3      | HP: 1/35 [poisoned by an adder]
  2719 | D:3      | Succumbed to an adder's poison

Levels and vault maps discovered:
D:1:      dpeg_arrival_windows_large_door, layout_basic
D:2:      layout_basic
D:3:      layout_rooms, uniq_robin, uniq_ijyb, uniq_jessica, uniq_sigmund,
          uniq_crazy_yiuf_cottage

Skill      XL: |  1  2  3  4 |
---------------+-------------+-----
Transmutations | 3 4 5 |  5.0
Fighting       | |  1.1
Dodging        | |  1.7
Unarmed Combat | |  3.0
Spellcasting   | |  2.0

Action                   |  1- 3 |  4- 6 || total
-------------------------+-------+-------++-------
Melee: Unarmed           |   117 |    83 ||   200
       Punch             |     1 |     1 ||     2
       Tailslap          |    11 |     5 ||    16
       Headbutt          |     1 |       ||     1
       Kick              |       |     1 ||     1
 Cast: Beastly Appendage |     5 |     1 ||     6
       Sticks to Snakes  |     3 |     2 ||     5
       Spider Form       |     1 |     5 ||     6
  Use: Scroll            |     3 |     2 ||     5
       Potion            |     1 |     1 ||     2
 Stab: Sleeping          |     1 |     1 ||     2
  Eat: Chunk             |     1 |     3 ||     4
       Ration            |       |     1 ||     1
Armor: Skin              |    33 |    24 ||    57
Dodge: Dodged            |    93 |    71 ||   164

Table legend:
 A = Non-vault XP
 B = Vault XP
 C = Vault XP percentage of total XP
 D = Non-vault monster count
 E = Vault monster count
 F = Vault count percentage of total count
                 A         B        C        D         E       F
            +---------+---------+-------+---------+---------+-------
      Total |     128 |      34 |  21.0 |      40 |      11 |  21.6
            +---------+---------+-------+---------+---------+-------
        D:1 |      42 |       0 |   0.0 |      20 |       0 |   0.0
        D:2 |      80 |       4 |   4.8 |      17 |       2 |  10.5
        D:3 |       6 |      30 |  83.3 |       3 |       9 |  75.0
            +---------+---------+-------+---------+---------+-------
